 Dungeon Crawl Stone Soup version 0.31-a0-259-g771a54ca4b (webtiles) character file.

Game seed: 4170761761726590420

399 qw the Shooter (level 6, 0/53 HPs)
             Began as a Minotaur Hexslinger on July 13, 2023.
             Slain by Duvessa
             ... wielding a +0 rapier
              (13 damage)
             ... on level 4 of the Dungeon.
             The game lasted 00:01:10 (3458 turns).

qw the Shooter (Minotaur Hexslinger)                Turns: 3458, Time: 00:01:10

Health: 0/53       AC:  5    Str: 12    XL:     6   Next: 54%
Magic:  0/6        EV: 11    Int: 10    God:
Gold:   78         SH:  0    Dex: 15    Spells: 6/7 levels left

rFire   . . .        c - +4 sling (heavy)
rCold   . . .        (no shield)
rNeg    . . .        k - +0 ring mail
rPois   .            (helmet restricted)
rElec   .            (no cloak)
rCorr   .            (no gloves)
SInv    .            (no boots)
Will    .....        i - amulet of guardian spirit
Stlth   +            (no ring)
HPRegen 0.28/turn    (no ring)
MPRegen 0.10/turn

%: guardian spirit
@: no status effects
A: horns 2, retaliatory headbutt
a: no special abilities


You were on level 4 of the Dungeon.
You visited 1 branch of the dungeon, and saw 4 of its levels.
You also visited: Sewer.

You collected 178 gold pieces.
You spent 100 gold pieces at shops.


Innate Abilities, Weirdness & Mutations

You have a pair of horns on your head.
You reflexively headbutt those who attack you in melee.


   Skills:
 - Level 4.5 Fighting
 + Level 6.4 Ranged Weapons
 - Level 1.0 Armour
 - Level 2.1 Dodging
 - Level 1.0 Spellcasting
 - Level 2.0 Hexes


You had 6 spell levels left.
You knew the following spells:

 Your Spells              Type           Power      Damage    Failure   Level
a - Slow                  Hex            16%        N/A       34%         1

Your spell library contained the following spells:

 Spells                   Type           Power      Damage    Failure   Level
 Inner Flame              Hex/Fire       2%         N/A       83%         3
 Portal Projectile        Hex/Tloc       4%         N/A       83%         3
 Cause Fear               Hex            2%         N/A       98%         4

Inventory:

Hand Weapons
 c - a +4 heavy sling (weapon)
Armour
 k - a +0 ring mail (worn)
Jewellery
 i - an amulet of guardian spirit (around neck)
 j - a ring of flight
Scrolls
 e - a scroll of identify
 f - 3 scrolls of brand weapon
Potions
 a - a potion of heal wounds
 b - 3 potions of curing
 d - a potion of enlightenment
 g - a potion of ambrosia {unknown}
 h - a potion of might
 l - a potion of brilliance {unknown}
 m - a potion of attraction {unknown}
 n - 3 potions of haste {unknown}
 o - a potion of resistance

Dungeon Overview and Level Annotations

Branches:
Dungeon (4/15)              Sewer (visited)
 Temple: D:4-7

Altars:

Shops:
D:1 :   D:2 [   D:3 !

Annotations:
D:4 Duvessa


Message History

There is an open door here.
Dowan, Brother of Duvessa comes into view.
He is wielding a +0 dagger.
Dowan shouts!
You hear a shout!
Enter note:
Enter note:
Enter note:
Enter note:
Enter note:
Enter note:
Enter note:
Enter note:
Enter note:
Enter note:
Enter note:
Enter note:
Enter note:
Enter note:
Enter note:
Enter note:
Enter note:
Enter note:
Enter note: You shoot a sling bullet.
The sling bullet hits Dowan!
Dowan is heavily wounded.
Duvessa, Sister of Dowan comes into view.
She is wielding a +0 rapier.
You shoot a sling bullet. The sling bullet hits Dowan.
Dowan is heavily wounded.
You shoot a sling bullet. The sling bullet hits Dowan!
You kill Dowan!
Duvessa weeps, and shakes her weapon.
Duvessa goes berserk!
You shoot a sling bullet. The sling bullet barely misses Duvessa.
Duvessa hits you with a +0 rapier! Duvessa barely misses you.
You shoot a sling bullet. The sling bullet hits Duvessa!
Duvessa is lightly wounded.
Duvessa hits you with a +0 rapier! x2
You shoot a sling bullet. The sling bullet hits Duvessa.
Duvessa is moderately wounded.
Duvessa hits you with a +0 rapier. Duvessa hits you with a +0 rapier! x2
You die...

#........###### .....#.
.#.....##...## # .....#.
.#...........# # .......
.#...........###
.......#.#...........'..
#........#..........)##.
+......).#...........##.
#......e##...........###
.......@.......#####....
#######'###....# #....
#.......##....#####....
#......................
#......................
#..................###.
#..................###.
#...........#..........
............#.....<....


You could see Duvessa (berserk).

Vanquished Creatures
  A scorpion (D:4)
  Dowan (D:4)
  A hound (D:4)
  2 orc priests (D:4)
  Terence (D:2)
  An orc wizard (D:4)
  5 adders
  A river rat (Sewer)
  A shadow imp (D:3)
  3 worms (D:3)
  5 orcs
  3 endoplasms
  2 giant cockroaches
  5 goblins
  8 hobgoblins
  4 jackals (D:3)
  6 quokkas
  9 ball pythons
  3 bats
  10 frilled lizards
  3 kobolds
  9 rats
84 creatures vanquished.

Notes
Turn   | Place    | Note
-------+----------+-------------------------------------------
     0 | D:1      | qw the Minotaur Hexslinger began the quest for the Orb.
     0 | D:1      | Reached XP level 1. HP: 16/16 MP: 1/1
     0 | D:1      | 0 ||| qw: Version: 0.3-a-52-g30416fa
     0 | D:1      | 0 ||| qw: Game counter: 6953
     0 | D:1      | 0 ||| qw: Melee chars always use a shield: true
     0 | D:1      | 0 ||| qw: God list: Okawaru
     0 | D:1      | 0 ||| qw: Allow faded altars: false
     0 | D:1      | 0 ||| qw: Do Orc after clearing Dungeon:15 true
     0 | D:1      | 0 ||| qw: Do second Lair branch before Depths: true
     0 | D:1      | 0 ||| qw: Lair rune preference: random
     0 | D:1      | 0 ||| qw: Goals: Normal
     0 | D:1      | 0 ||| PLANNING D:1-11
    48 | D:1      | Found a faded altar of an unknown god.
   257 | D:1      | Found Codil's Book Shoppe.
   277 | D:1      | Reached skill level 3 in Ranged Weapons
   277 | D:1      | Reached XP level 2. HP: 21/23 MP: 2/2
   757 | D:1      | 757 ||| UPGRADING to +0 leather armour.
   767 | D:1      | 767 ||| DROPPING +0 robe.
   768 | D:1      | 768 ||| UPGRADING to +0 ring mail.
   778 | D:1      | 778 ||| DROPPING +0 leather armour.
   779 | D:1      | 779 ||| UPGRADING to amulet of guardian spirit.
   784 | D:1      | 784 ||| DROPPING ring of magical power.
   785 | D:1      | 785 ||| READING scroll labelled ROATOS TAUG.
   786 | D:1      | 786 ||| READING 2 scrolls labelled YMENID IPIACEH.
   787 | D:1      | 787 ||| READING scroll labelled FUT BURPHEYSEC.
   788 | D:1      | 788 ||| READING scroll labelled WETSIF ODUARRO.
   789 | D:1      | 789 ||| DROPPING scroll of poison.
   790 | D:1      | 790 ||| DROPPING scroll of amnesia.
   881 | D:2      | 881 ||| READING scroll of enchant weapon.
   881 | D:2      | 881 ||| ENCHANTING +2 sling.
   897 | D:2      | Found Lewikadde's Antique Armour Shop.
   905 | D:2      | 905 ||| SHOPLISTING shiny ring mail (119 gold, have 18).
  1030 | D:2      | Reached XP level 3. HP: 25/29 MP: 3/3
  1057 | D:2      | Noticed Terence
  1068 | D:2      | Killed Terence
  1069 | D:2      | Reached skill level 4 in Ranged Weapons
  1480 | D:2      | 1480 ||| READING scroll labelled MITEMAX FOOH.
  1481 | D:2      | 1481 ||| DRINKING 2 murky ruby potions.
  1506 | D:3      | 1506 ||| PLANNING SEWER
  1697 | D:3      | Reached XP level 4. HP: 36/36 MP: 4/4
  1746 | D:3      | Reached skill level 1 in Armour
  1903 | D:3      | 1903 ||| READING scroll of enchant weapon.
  1903 | D:3      | 1903 ||| ENCHANTING +3 sling.
  2109 | D:3      | Found a glowing drain.
  2110 | D:3      | 2110 ||| READING scroll labelled ICARAFYIXUW.
  2111 | D:3      | 2111 ||| READING 3 scrolls labelled UJUKOAGIGELL.
  2112 | D:3      | 2112 ||| DRINKING 3 pink potions.
  2118 | D:3      | Reached skill level 5 in Ranged Weapons
  2129 | Sewer    | Entered a sewer
  2301 | Sewer    | Reached skill level 3 in Fighting
  2301 | Sewer    | Reached XP level 5. HP: 43/45 MP: 5/5
  2411 | Sewer    | 2411 ||| Stepping ~*~*~tactically~*~*~ (water).
  2435 | Sewer    | 2435 ||| READING scroll labelled JORRIU CUDUSIC.
  2436 | Sewer    | 2436 ||| READING scroll labelled NAM FUCOOFI.
  2500 | Sewer    | 2500 ||| READING 2 scrolls of identify.
  2500 | Sewer    | 2500 ||| IDENTIFYING dark potion
  2551 | D:3      | 2551 ||| PLANNING D:1-11
  2665 | D:3      | Found Zurunute's Distillery.
  2670 | D:3      | 2670 ||| BUYING potion of curing (30 gold).
  2670 | D:3      | Bought a potion of curing for 30 gold pieces
  2670 | D:3      | 2670 ||| BUYING potion of curing (30 gold).
  2670 | D:3      | Bought a potion of curing for 30 gold pieces
  2670 | D:3      | 2670 ||| SHOPLISTING potion of enlightenment (50 gold, have
                  | 42).
  2670 | D:3      | 2670 ||| BUYING potion of might (40 gold).
  2670 | D:3      | Bought a potion of might for 40 gold pieces
  2670 | D:3      | 2670 ||| SHOPLISTING potion of might (40 gold, have 2).
  2670 | D:3      | 2670 ||| SHOPLISTING potion of mutation (80 gold, have 2).
  2670 | D:3      | 2670 ||| SHOPLISTING potion of resistance (100 gold, have
                  | 2).
  2970 | D:4      | 2970 ||| Stepping ~*~*~tactically~*~*~ (outnumbered).
  2971 | D:4      | 2971 ||| Stepping ~*~*~tactically~*~*~ (outnumbered).
  2973 | D:4      | 2973 ||| Stepping ~*~*~tactically~*~*~ (outnumbered).
  2977 | D:4      | 2977 ||| DRINKING 4 potions of curing.
  2977 | D:4      | 2977 ||| (to cure confusion)
  2980 | D:4      | HP: 8/45 [orc priest/divine providence (12)]
  2981 | D:4      | 2981 ||| DRINKING 2 potions of heal wounds.
  2986 | D:4      | Reached skill level 6 in Ranged Weapons
  3296 | D:4      | Reached XP level 6. HP: 52/52 MP: 6/6
  3452 | D:4      | Noticed Dowan
  3453 | D:4      | Noticed Duvessa
  3455 | D:4      | Killed Dowan
  3458 | D:4      | HP: 13/53 [Duvessa/+0 rapier (10)]
  3458 | D:4      | Slain by Duvessa

Levels and vault maps discovered:
D:1:      minmay_arrival_loop, layout_basic, serial_shops, shop,
          chequers_ecumenical_altar_simple_redux, hex_tiny,
          chequers_serial_rivers_room_b, minmay_misc_feat_room
D:2:      layout_loops_ring, serial_shops, nicolae_shop_dealshenge, uniq_terence
D:3:      layout_loops_corners, cheibrodos_sewer_entry_bend, serial_shops, shop
D:4:      layout_basic, uniq_duvessa, uniq_sigmund

Skill      XL: |  1  2  3  4  5  6 |
---------------+-------------------+-----
Ranged Weapons | 3 4 5 6 |  6.4
Fighting       | 2 3 4 |  4.5
Armour         | 1 |  1.0
Dodging        | |  2.1
Spellcasting   | |  1.0
Hexes          | |  2.0

Action                     |  1- 3 |  4- 6 || total
---------------------------+-------+-------++-------
   Fire: Sling             |    91 |   131 ||   222
    Use: Scroll            |     6 |     6 ||    12
         Potion            |     1 |     3 ||     4
 Armour: Ring mail         |     6 |    28 ||    34
  Dodge: Dodged            |    22 |    49 ||    71

Table legend:
 A = Non-vault XP
 B = Vault XP
 C = Vault XP percentage of total XP
 D = Non-vault monster count
 E = Vault monster count
 F = Vault count percentage of total count
                 A         B        C        D         E       F
            +---------+---------+-------+---------+---------+-------
      Total |     398 |     173 |  30.3 |      64 |      20 |  23.8
            +---------+---------+-------+---------+---------+-------
        D:1 |      25 |       0 |   0.0 |      15 |       0 |   0.0
        D:2 |      29 |      36 |  55.4 |       9 |       1 |  10.0
        D:3 |      63 |      15 |  19.2 |      24 |       3 |  11.1
        D:4 |     281 |      69 |  19.7 |      16 |       1 |   5.9
      Sewer |       0 |      53 | 100.0 |       0 |      15 | 100.0
            +---------+---------+-------+---------+---------+-------
